Penguins vs Hurricanes

Created - Sunday, November 30, 2014 at 00:21

Goals
1 2 3 OT1 SO T
Penguins 0 1 0 0 1 2
Hurricanes 1 0 0 0 0 1
Shots
1 2 3 OT1 SO T
Penguins 13 16 9 2 5 40
Hurricanes 12 3 7 1 5 23

1st period

1. Hurricanes , Jiri Hudler 12 (Radim Vrbata, Dan Girardi) at 7:14 (PP)

Penalties :
Mikael Granlund (Pit) for Slashing (Minor) at 6:16, Mark Giordano (Pit) for Roughing (Minor) at 7:39, Jiri Hudler (Car) for Checking from behind (Major) at 12:08

2nd period

2. Penguins , Elias Lindholm 2 (Christian Ehrhoff, Nail Yakupov) at 6:30

Penalties :
Francois Beauchemin (Car) for Hooking (Minor) at 7:01, Mark Giordano (Pit) for Hooking (Minor) at 11:16, Mike Fisher (Car) for Cross-checking (Minor) at 13:19, Thomas Hickey (Car) for Boarding (Minor) at 16:43

3rd period

No Goal

Penalties :
Marcus Foligno (Pit) for Hooking (Minor) at 8:12, Dan Girardi (Car) for Elbowing (Minor) at 14:45, Elias Lindholm (Pit) for Hooking (Minor) at 17:22

Overtime #1

No Goal

Penalties :
No Penalty

Shootout

Penalty Shot by Patrick Sharp for Penguins - Stopped by Brian Elliott
Penalty Shot by Radim Vrbata for Hurricanes - Stopped by Ryan Miller
Penalty Shot by Jarome Iginla for Penguins - Stopped by Brian Elliott
Penalty Shot by Marian Gaborik for Hurricanes - Stopped by Ryan Miller
Penalty Shot by Nathan MacKinnon for Penguins - Stopped by Brian Elliott
Penalty Shot by Jiri Hudler for Hurricanes - Stopped by Ryan Miller
Penalty Shot by Vladimir Tarasenko for Penguins - Shot Misses the Net
Penalty Shot by Mikhail Grabovski for Hurricanes - Stopped by Ryan Miller
Penalty Shot by David Legwand for Penguins - Goal!
Penalty Shot by Marty Havlat for Hurricanes - Stopped by Ryan Miller

Penalties :
No Penalty

Goalie Stats

Ryan Miller (Pit), 22 saves from 23 shots - (0.957), W, 11-3-5, 65:00 minutes
Brian Elliott (Car), 39 saves from 40 shots - (0.975), OTL, 16-1-1, 65:00 minutes

Players Stats for Penguins

Player Name              G  A  P  +/- PIM S  H  SB GA TA FO     MP     PP MP  PK MP  
------------------------------------------------------------------------------------
Anton Volchenkov         0  0  0   0  0   0  2  5  1  1  0/0    20:47   0:00   4:40 
Chris Butler             0  0  0   0  0   0  0  3  0  2  0/0    14:27   0:00   4:14 
Chris Kelly              0  0  0   0  0   1  0  0  0  0  0/0    14:52   0:00   6:42 
Christian Ehrhoff        0  1  1   1  0   2  0  0  0  1  0/0    25:27   7:05   1:27 
Dan Hamhuis              0  0  0   0  0   3  2  0  0  2  0/0    27:06   5:50   5:05 
David Legwand            0  0  0   0  0   1  1  0  0  0  2/6    17:24   6:10   0:00 
Elias Lindholm           1  0  1   1  2   7  1  0  1  0  0/0     9:58   0:00   0:00 
Jarome Iginla            0  0  0   0  0   5  4  0  4  0  0/0    18:32   6:10   1:16 
Marcus Foligno           0  0  0   0  2   0  2  0  0  0  0/0    10:10   0:00   1:30 
Mark Giordano            0  0  0   1  4   3  2  0  1  1  0/0    26:48   7:05   2:22 
Mikael Granlund          0  0  0   0  2   2  2  0  0  0  11/21  18:51   6:45   0:00 
Nail Yakupov             0  1  1   1  0   2  0  0  1  0  0/1    11:05   0:00   0:00 
Nate Thompson            0  0  0   0  0   2  2  0  0  0  5/8     9:43   0:00   2:03 
Nathan MacKinnon         0  0  0   0  0   4  1  0  6  1  0/0    17:58   6:10   0:00 
Patrick Sharp            0  0  0   0  0   2  1  0  3  0  0/0    18:52   6:45   0:00 
Paul Gaustad             0  0  0   1  0   2  2  0  0  0  7/16   16:20   0:00   6:17 
Raphael Diaz             0  0  0   0  0   2  2  1  0  0  0/0    15:31   5:50   0:00 
Vladimir Tarasenko       0  0  0   0  0   2  0  0  2  1  0/1    17:10   6:45   0:00 

Players Stats for Hurricanes

Player Name              G  A  P  +/- PIM S  H  SB GA TA FO     MP     PP MP  PK MP  
------------------------------------------------------------------------------------
Aaron Ness               0  0  0   0  0   1  2  0  0  0  0/0    19:02   5:18   0:00 
Brian Flynn              0  0  0   0  0   0  1  0  0  2  0/0    14:45   0:00   6:41 
Dainius Zubrus           0  0  0   0  0   0  2  1  3  0  0/1    17:27   0:00   6:14 
Dan Girardi              0  1  1   0  2   2  2  1  0  1  0/0    19:44   5:18   0:20 
Francois Beauchemin      0  0  0   0  2   1  3  0  0  3  0/0    26:38   3:36   6:24 
Jiri Hudler              1  0  1  -1  5   5  0  0  3  0  2/2    14:23   4:47   0:00 
Loui Eriksson            0  0  0   0  0   0  2  1  1  0  0/3    14:22   4:07   0:00 
Marian Gaborik           0  0  0   0  0   1  2  0  1  0  0/0    16:38   4:07   0:00 
Mark Arcobello           0  0  0   0  0   1  0  0  0  1  10/13  16:43   0:00   6:14 
Marty Havlat             0  0  0   0  0   0  0  0  0  0  1/1     8:58   0:00   0:00 
Mike Fisher              0  0  0   0  2   1  4  0  0  0  3/7    17:20   4:07   0:00 
Mikhail Grabovski        0  0  0  -1  0   1  0  1  0  0  8/16   16:10   4:47   0:00 
Nate Prosser             0  0  0  -1  0   1  0  0  1  0  0/0    18:12   0:00   4:52 
Radim Vrbata             0  1  1  -1  0   2  1  1  3  1  0/1    16:10   4:47   0:00 
Stephen Gionta           0  0  0   0  0   0  3  2  2  0  4/9    15:29   0:00   6:41 
Thomas Hickey            0  0  0   0  2   3  0  4  0  0  0/0    25:46   3:36   6:04 
Viktor Stalberg          0  0  0   0  0   3  0  0  0  0  0/0     7:43   0:00   0:00 
Zbynek Michalek          0  0  0  -1  0   1  1  2  1  2  0/0    21:30   0:00   8:10 

3 Stars

1 - Brian Elliott (Car)
2 - Ryan Miller (Pit)
3 - Elias Lindholm (Pit)

Power Play

Penguins - 0 on 5 Attempt(s) - 0.00%
Hurricanes - 1 on 5 Attempt(s) - 20.00%

Penalty Kill

Penguins - 4 on 5 Attempt(s) - 80.00% - Score 0 goal in Penalty Kill
Hurricanes - 5 on 5 Attempt(s) - 100.00% - Score 0 goal in Penalty Kill

Official

Referees : Unknown
Linesman : Unknown

Game Notes

No Game Note

Finance

Level 1 -- Attendance: 5467 (91.12%) -- Ticket Income $464,695
Level 2 -- Attendance: 4988 (99.76%) -- Ticket Income $239,424
Level 3 -- Attendance: 1918 (95.90%) -- Ticket Income $53,704
Level 4 -- Attendance: 3707 (92.68%) -- Ticket Income $48,191
Luxury Box -- Attendance: 884 (88.40%) -- Ticket Income $159,120
Game was played at the RBC Arena
Total Attendance: 16964 (94.24%)
Total Ticket Income: $965,134
Other Income: $472,916
Total Income: $1,438,050

Penguins

5 vs 5 Forward 
   Center                   Left Wing                Right Wing               Time % Phy DF OF 
 1 Mikael Granlund          Patrick Sharp            Jarome Iginla            35     1   2  2  
 2 David Legwand            Vladimir Tarasenko       Nathan MacKinnon         30     1   2  2  
 3 Paul Gaustad             Nail Yakupov             Elias Lindholm           22     1   2  2  
 4 Nate Thompson            Chris Kelly              Marcus Foligno           13     1   2  2  

5 vs 5 Defense 
   Defense                  Defense                                           Time % Phy DF OF 
 1 Mark Giordano            Christian Ehrhoff                                 40     1   2  2  
 2 Anton Volchenkov         Dan Hamhuis                                       35     1   2  2  
 3 Chris Butler             Raphael Diaz                                      20     1   2  2  
 4 Mark Giordano            Christian Ehrhoff                                 5      1   2  2  

PowerPlay Forward 
   Center                   Left Wing                Right Wing               Time % Phy DF OF 
 1 Mikael Granlund          Patrick Sharp            Vladimir Tarasenko       60     1   1  3  
 2 David Legwand            Jarome Iginla            Nathan MacKinnon         40     1   1  3  

PowerPlay Defense
   Defense                  Defense                                           Time % Phy DF OF 
 1 Mark Giordano            Christian Ehrhoff                                 60     1   1  3  
 2 Dan Hamhuis              Raphael Diaz                                      40     1   1  3  

Penalty Kill 4 Players Forward 
   Center                   Wing                     Time % Phy DF OF 
 1 Paul Gaustad             Chris Kelly              60     1   3  1  
 2 Nate Thompson            Marcus Foligno           40     1   3  1  

Penalty Kill 4 Players Defense
   Defense                  Defense                  Time % Phy DF OF 
 1 Anton Volchenkov         Dan Hamhuis              60     1   3  1  
 2 Chris Butler             Mark Giordano            40     1   3  1  

Penalty Kill - 3 Players Forward 
   Forward                                           Time % Phy DF OF 
 1 Paul Gaustad                                      60     1   3  1  
 2 Nate Thompson                                     40     1   3  1  

Penalty Kill - 3 Players Defense
   Defense                  Defense                  Time % Phy DF OF 
 1 Anton Volchenkov         Dan Hamhuis              60     1   3  1  
 2 Chris Butler             Mark Giordano            40     1   3  1  

4 vs 4 Forward 
   Center                   Wing                     Time % Phy DF OF 
 1 Mikael Granlund          Patrick Sharp            60     1   2  2  
 2 David Legwand            Jarome Iginla            40     1   2  2  

4 vs 4 Defense
   Defense                  Defense                  Time % Phy DF OF 
 1 Mark Giordano            Christian Ehrhoff        60     1   2  2  
 2 Dan Hamhuis              Anton Volchenkov         40     1   2  2  

Last Minutes Offensive
   Center                   Left Wing                Right Wing               Defense                  Defense                  
   Mikael Granlund          Patrick Sharp            Jarome Iginla            Mark Giordano            Christian Ehrhoff        

Last Minutes Defensive
   Center                   Left Wing                Right Wing               Defense                  Defense                  
   Mikael Granlund          Patrick Sharp            Jarome Iginla            Mark Giordano            Dan Hamhuis              

Goaltenders
Starting : Ryan Miller              
Backup : Alex Stalock             

Extra Forwards
Normal : Nathan MacKinnon, Nail Yakupov, Marcus Foligno - PP : Nathan MacKinnon, Nail Yakupov - PK : Jarome Iginla
Extra Defensemen
Normal : Dan Hamhuis, Mark Giordano, Christian Ehrhoff - PP : Mark Giordano - PK : Dan Hamhuis, Christian Ehrhoff
Penalty Shots
Patrick Sharp, Jarome Iginla, Nathan MacKinnon, Vladimir Tarasenko, David Legwand

Hurricanes

5 vs 5 Forward 
   Center                   Left Wing                Right Wing               Time % Phy DF OF 
 1 Mike Fisher              Loui Eriksson            Marian Gaborik           28     0   2  3  
 2 Mikhail Grabovski        Jiri Hudler              Radim Vrbata             27     0   2  3  
 3 Mark Arcobello           Dainius Zubrus           Marty Havlat             25     0   2  3  
 4 Stephen Gionta           Viktor Stalberg          Brian Flynn              20     0   2  3  

5 vs 5 Defense 
   Defense                  Defense                                           Time % Phy DF OF 
 1 Francois Beauchemin      Thomas Hickey                                     35     0   2  3  
 2 Dan Girardi              Aaron Ness                                        35     0   2  3  
 3 Zbynek Michalek          Nate Prosser                                      30     1   2  2  
 4 Francois Beauchemin      Thomas Hickey                                     0      0   2  3  

PowerPlay Forward 
   Center                   Left Wing                Right Wing               Time % Phy DF OF 
 1 Mike Fisher              Loui Eriksson            Marian Gaborik           50     0   1  4  
 2 Mikhail Grabovski        Jiri Hudler              Radim Vrbata             50     0   1  4  

PowerPlay Defense
   Defense                  Defense                                           Time % Phy DF OF 
 1 Francois Beauchemin      Thomas Hickey                                     50     0   1  4  
 2 Dan Girardi              Aaron Ness                                        50     0   1  4  

Penalty Kill 4 Players Forward 
   Center                   Wing                     Time % Phy DF OF 
 1 Stephen Gionta           Brian Flynn              50     0   4  1  
 2 Mark Arcobello           Dainius Zubrus           50     0   4  1  

Penalty Kill 4 Players Defense
   Defense                  Defense                  Time % Phy DF OF 
 1 Zbynek Michalek          Nate Prosser             50     1   4  0  
 2 Francois Beauchemin      Thomas Hickey            50     1   4  0  

Penalty Kill - 3 Players Forward 
   Forward                                           Time % Phy DF OF 
 1 Stephen Gionta                                    50     0   5  0  
 2 Mark Arcobello                                    50     0   5  0  

Penalty Kill - 3 Players Defense
   Defense                  Defense                  Time % Phy DF OF 
 1 Zbynek Michalek          Nate Prosser             50     1   4  0  
 2 Francois Beauchemin      Thomas Hickey            50     1   4  0  

4 vs 4 Forward 
   Center                   Wing                     Time % Phy DF OF 
 1 Mike Fisher              Marian Gaborik           50     0   2  3  
 2 Mikhail Grabovski        Radim Vrbata             50     0   2  3  

4 vs 4 Defense
   Defense                  Defense                  Time % Phy DF OF 
 1 Francois Beauchemin      Thomas Hickey            50     0   2  3  
 2 Dan Girardi              Aaron Ness               50     0   2  3  

Last Minutes Offensive
   Center                   Left Wing                Right Wing               Defense                  Defense                  
   Mike Fisher              Marian Gaborik           Radim Vrbata             Francois Beauchemin      Thomas Hickey            

Last Minutes Defensive
   Center                   Left Wing                Right Wing               Defense                  Defense                  
   Stephen Gionta           Dainius Zubrus           Brian Flynn              Zbynek Michalek          Francois Beauchemin      

Goaltenders
Starting : Brian Elliott            
Backup : Michal Neuvirth          

Extra Forwards
Normal : Mike Fisher, Radim Vrbata, Marian Gaborik - PP : Marian Gaborik, Radim Vrbata - PK : Stephen Gionta
Extra Defensemen
Normal : Dan Girardi, Thomas Hickey, Aaron Ness - PP : Dan Girardi - PK : Zbynek Michalek, Dan Girardi
Penalty Shots
Radim Vrbata, Marian Gaborik, Jiri Hudler, Mikhail Grabovski, Marty Havlat

% Time on Ice - Penguins

Lines # - Real PCT - Wanted PCT - Time Play
Normal Forward
1 - 26% - 35% - 10:06
2 - 29% - 30% - 11:01
3 - 26% - 22% - 9:51
4 - 19% - 13% - 7:13
Normal Defense
1 - 36% - 40% - 13:52
2 - 37% - 35% - 14:11
3 - 25% - 20% - 9:41
4 - 1% - 5% - 0:27
PP Forward
1 - 52% - 60% - 6:45
2 - 48% - 40% - 6:10
PP Defense
1 - 55% - 60% - 7:05
2 - 45% - 40% - 5:50
PK Forward
1 - 77% - 60% - 6:51
2 - 23% - 40% - 2:03
PK Defense
1 - 52% - 60% - 4:40
2 - 48% - 40% - 4:14
PK3 Forward
1 - 0% - 60%
2 - 0% - 40%
PK3 Defense
1 - 0% - 60%
2 - 0% - 40%
44 Forward
1 - 87% - 60% - 4:20
2 - 13% - 40% - 0:40
44 Defense
1 - 51% - 60% - 2:32
2 - 49% - 40% - 2:28
Last Minute Offensive  - 0:00
Last Minute Defensive  - 0:00
Total
Forward - 65:00
Defense - 65:00

% Time on Ice - Hurricanes

Lines # - Real PCT - Wanted PCT - Time Play
Normal Forward
1 - 28% - 28% - 10:36
2 - 29% - 27% - 10:54
3 - 23% - 25% - 8:58
4 - 20% - 20% - 7:43
Normal Defense
1 - 33% - 35% - 12:40
2 - 34% - 35% - 12:59
3 - 30% - 30% - 11:27
4 - 3% - 0% - 1:05
PP Forward
1 - 46% - 50% - 4:07
2 - 54% - 50% - 4:47
PP Defense
1 - 40% - 50% - 3:36
2 - 60% - 50% - 5:18
PK Forward
1 - 52% - 50% - 6:41
2 - 48% - 50% - 6:14
PK Defense
1 - 38% - 50% - 4:52
2 - 62% - 50% - 8:03
PK3 Forward
1 - 0% - 50%
2 - 0% - 50%
PK3 Defense
1 - 0% - 50%
2 - 0% - 50%
44 Forward
1 - 60% - 50% - 3:00
2 - 40% - 50% - 2:00
44 Defense
1 - 67% - 50% - 3:20
2 - 33% - 50% - 1:40
Last Minute Offensive  - 0:00
Last Minute Defensive  - 0:00
Total
Forward - 65:00
Defense - 65:00

Play by Play

1st period


0:01 of 1st period - Mikael Granlund wins face-off versus Loui Eriksson in neutral zone.
0:19 of 1st period - Christian Ehrhoff is hit by Mike Fisher and loses puck.
0:56 of 1st period - Christian Ehrhoff is hit by Radim Vrbata and loses puck.
1:12 of 1st period - Vladimir Tarasenko is hit by Francois Beauchemin and loses puck.
1:20 of 1st period - Slapshot by Raphael Diaz.
1:20 of 1st period - Deflect By Jiri Hudler.
1:20 of 1st period - Stopped by Brian Elliott without a rebound.
1:21 of 1st period - Mark Arcobello wins face-off versus Paul Gaustad in Hurricanes zone.
1:21 of 1st period - Mark Arcobello is hit by Paul Gaustad.
2:21 of 1st period - Chris Kelly is hit by Stephen Gionta and loses puck.
2:26 of 1st period - Slapshot by Viktor Stalberg.
2:26 of 1st period - Stopped by Ryan Miller with a rebound.
2:28 of 1st period - Snap shot by Zbynek Michalek.
2:28 of 1st period - Shot Blocked by Anton Volchenkov.
2:36 of 1st period - Zbynek Michalek is hit by Marcus Foligno and loses puck.
2:53 of 1st period - Snap shot by Jiri Hudler.
2:53 of 1st period - Shot Misses the Net.
3:32 of 1st period - Icing by Chris Kelly.
3:33 of 1st period - Nate Thompson wins face-off versus Mike Fisher in Penguins zone.
3:52 of 1st period - Snap shot by Mikael Granlund.
3:52 of 1st period - Shot Blocked by Thomas Hickey.
3:54 of 1st period - Slapshot by Mark Giordano.
3:54 of 1st period - Shot Blocked by Thomas Hickey.
4:38 of 1st period - Dainius Zubrus is hit by Nathan MacKinnon and loses puck.
5:03 of 1st period - Wrist shot by Vladimir Tarasenko.
5:03 of 1st period - Stopped by Brian Elliott without a rebound.
5:04 of 1st period - Stephen Gionta wins face-off versus Paul Gaustad in Hurricanes zone.
5:11 of 1st period - Wrist shot by Brian Flynn.
5:11 of 1st period - Shot Misses the Net.
5:31 of 1st period - Slapshot by Elias Lindholm.
5:31 of 1st period - Stopped by Brian Elliott without a rebound.
5:32 of 1st period - Jiri Hudler wins face-off versus Vladimir Tarasenko in Hurricanes zone.
5:37 of 1st period - Wrist shot by Mikhail Grabovski.
5:37 of 1st period - Shot Blocked by Chris Butler.
6:16 of 1st period - Minor Penalty to Mikael Granlund for Slashing.
6:17 of 1st period - Mike Fisher wins face-off versus Paul Gaustad in Penguins zone.
6:32 of 1st period - Aaron Ness is hit by Dan Hamhuis and loses puck.
6:53 of 1st period - Anton Volchenkov is hit by Loui Eriksson and loses puck.
7:14 of 1st period - Slapshot by Jiri Hudler.
7:14 of 1st period - Goal by Jiri Hudler - Penguins : 0 - Hurricanes : 1.
7:15 of 1st period - Mikael Granlund wins face-off versus Mark Arcobello in neutral zone.
7:20 of 1st period - Wrist shot by Mikael Granlund.
7:20 of 1st period - Deflect By Mark Arcobello.
7:20 of 1st period - Shot Blocked by Dainius Zubrus.
7:20 of 1st period - Puck is out of play.
7:21 of 1st period - Mark Arcobello wins face-off versus Mikael Granlund in Hurricanes zone.
7:21 of 1st period - Mark Arcobello is hit by Jarome Iginla.
7:37 of 1st period - Snap shot by Marty Havlat.
7:37 of 1st period - Shot Misses the Net.
7:39 of 1st period - Minor Penalty to Mark Giordano for Roughing.
7:40 of 1st period - Mikhail Grabovski wins face-off versus Paul Gaustad in Penguins zone.
7:41 of 1st period - Snap shot by Radim Vrbata.
7:41 of 1st period - Shot Blocked by Anton Volchenkov.
7:43 of 1st period - Snap shot by Francois Beauchemin.
7:43 of 1st period - Shot Misses the Net.
7:45 of 1st period - Wrist shot by Thomas Hickey.
7:45 of 1st period - Stopped by Ryan Miller with a rebound.
7:47 of 1st period - Slapshot by Francois Beauchemin.
7:47 of 1st period - Stopped by Ryan Miller with a rebound.
8:07 of 1st period - Snap shot by Radim Vrbata.
8:07 of 1st period - Stopped by Ryan Miller with a rebound.
8:40 of 1st period - Dan Hamhuis is hit by Francois Beauchemin.
8:56 of 1st period - Chris Butler is hit by Loui Eriksson and loses puck.
9:39 of 1st period - Penalty to Mark Giordano is over, Mark Giordano is back on ice.
9:57 of 1st period - Snap shot by Patrick Sharp.
9:57 of 1st period - Stopped by Brian Elliott with a rebound.
10:17 of 1st period - Snap shot by Patrick Sharp.
10:17 of 1st period - Shot Blocked by Dan Girardi.
10:19 of 1st period - Snap shot by Dan Hamhuis.
10:19 of 1st period - Stopped by Brian Elliott with a rebound.
10:38 of 1st period - Vladimir Tarasenko is hit by Marian Gaborik.
10:48 of 1st period - Nate Prosser is hit by Anton Volchenkov and loses puck.
11:36 of 1st period - Mark Giordano is hit by Francois Beauchemin and loses puck.
11:43 of 1st period - Wrist shot by Paul Gaustad.
11:43 of 1st period - Shot Misses the Net.
11:45 of 1st period - Snap shot by Christian Ehrhoff.
11:45 of 1st period - Stopped by Brian Elliott with a rebound.
11:47 of 1st period - Slapshot by Mark Giordano.
11:47 of 1st period - Deflect By Nail Yakupov.
11:47 of 1st period - Stopped by Brian Elliott with a rebound.
11:49 of 1st period - Wrist shot by Paul Gaustad.
11:49 of 1st period - Stopped by Brian Elliott without a rebound.
11:50 of 1st period - Mikael Granlund wins face-off versus Mikhail Grabovski in Hurricanes zone.
11:53 of 1st period - Snap shot by Jarome Iginla.
11:53 of 1st period - Shot Misses the Net.
12:01 of 1st period - Snap shot by Patrick Sharp.
12:01 of 1st period - Shot Blocked by Thomas Hickey.
12:03 of 1st period - Slapshot by Chris Butler.
12:03 of 1st period - Shot Blocked by Radim Vrbata.
12:05 of 1st period - Slapshot by Raphael Diaz.
12:05 of 1st period - Deflect By Patrick Sharp.
12:05 of 1st period - Shot Misses the Net.
12:05 of 1st period - Puck is out of play.
12:06 of 1st period - Mikhail Grabovski wins face-off versus Mikael Granlund in Hurricanes zone.
12:08 of 1st period - Major Penalty to Jiri Hudler for Checking from behind.
12:09 of 1st period - Mikael Granlund wins face-off versus Stephen Gionta in Hurricanes zone.
13:09 of 1st period - Francois Beauchemin is hit by Mark Giordano and loses puck.
13:18 of 1st period - Slapshot by Jarome Iginla.
13:18 of 1st period - Deflect By Nathan MacKinnon.
13:18 of 1st period - Shot Misses the Net.
13:18 of 1st period - Puck is out of play.
13:19 of 1st period - Mark Arcobello wins face-off versus Mikael Granlund in Hurricanes zone.
14:11 of 1st period - Patrick Sharp is hit by Stephen Gionta and loses puck.
14:22 of 1st period - Nate Prosser is hit by Raphael Diaz and loses puck.
14:41 of 1st period - Wrist shot by Jarome Iginla.
14:41 of 1st period - Stopped by Brian Elliott without a rebound.
14:42 of 1st period - Mark Arcobello wins face-off versus David Legwand in Hurricanes zone.
14:42 of 1st period - Mark Arcobello is hit by David Legwand.
15:06 of 1st period - Slapshot by Patrick Sharp.
15:06 of 1st period - Stopped by Brian Elliott without a rebound.
15:07 of 1st period - Mark Arcobello wins face-off versus Mikael Granlund in Hurricanes zone.
15:30 of 1st period - Snap shot by Nathan MacKinnon.
15:30 of 1st period - Stopped by Brian Elliott without a rebound.
15:31 of 1st period - David Legwand wins face-off versus Mark Arcobello in Hurricanes zone.
17:08 of 1st period - Penalty to Jiri Hudler is over, Jiri Hudler is back on ice.
17:11 of 1st period - Francois Beauchemin is hit by Jarome Iginla and loses puck.
17:46 of 1st period - Snap shot by Elias Lindholm.
17:46 of 1st period - Stopped by Brian Elliott without a rebound.
17:47 of 1st period - Mikhail Grabovski wins face-off versus Nate Thompson in Hurricanes zone.
17:56 of 1st period - Slapshot by Jiri Hudler.
17:56 of 1st period - Stopped by Ryan Miller with a rebound.
17:58 of 1st period - Slapshot by Mikhail Grabovski.
17:58 of 1st period - Stopped by Ryan Miller with a rebound.
18:00 of 1st period - Backhand shot by Dan Girardi.
18:00 of 1st period - Stopped by Ryan Miller with a rebound.
18:02 of 1st period - Slapshot by Jiri Hudler.
18:02 of 1st period - Stopped by Ryan Miller with a rebound.
18:31 of 1st period - Icing by Raphael Diaz.
18:32 of 1st period - Nate Thompson wins face-off versus Mike Fisher in Penguins zone.
18:37 of 1st period - Slapshot by Marian Gaborik.
18:37 of 1st period - Shot Blocked by Raphael Diaz.
18:39 of 1st period - Slapshot by Francois Beauchemin.
18:39 of 1st period - Shot Misses the Net.
18:41 of 1st period - Slapshot by Thomas Hickey.
18:41 of 1st period - Stopped by Ryan Miller with a rebound.
18:57 of 1st period - Wrist shot by Mike Fisher.
18:57 of 1st period - Stopped by Ryan Miller without a rebound.
18:58 of 1st period - Marty Havlat wins face-off versus Paul Gaustad in Penguins zone.
18:59 of 1st period - Snap shot by Mark Arcobello.
18:59 of 1st period - Stopped by Ryan Miller without a rebound.
19:00 of 1st period - Paul Gaustad wins face-off versus Dainius Zubrus in Penguins zone.
19:56 of 1st period - Snap shot by Jarome Iginla.
19:56 of 1st period - Shot Misses the Net.
19:58 of 1st period - Snap shot by Mikael Granlund.
19:58 of 1st period - Stopped by Brian Elliott without a rebound.
19:59 of 1st period - Mikael Granlund wins face-off versus Mikhail Grabovski in Hurricanes zone.
Goals for this period are 0 for Penguins vs 1 for Hurricanes.
Shots for this period are 13 for Penguins vs 12 for Hurricanes.

2nd period


0:01 of 2nd period - Mikael Granlund wins face-off versus Mikhail Grabovski in neutral zone.
0:04 of 2nd period - Snap shot by Jarome Iginla.
0:04 of 2nd period - Stopped by Brian Elliott with a rebound.
0:06 of 2nd period - Slapshot by Mark Giordano.
0:06 of 2nd period - Shot Blocked by Thomas Hickey.
0:08 of 2nd period - Snap shot by Christian Ehrhoff.
0:08 of 2nd period - Deflect By Radim Vrbata.
0:08 of 2nd period - Stopped by Brian Elliott without a rebound.
0:09 of 2nd period - Mikhail Grabovski wins face-off versus Mikael Granlund in Hurricanes zone.
0:41 of 2nd period - Thomas Hickey is hit by Jarome Iginla and loses puck.
0:56 of 2nd period - Snap shot by Nathan MacKinnon.
0:56 of 2nd period - Stopped by Brian Elliott without a rebound.
0:57 of 2nd period - Stephen Gionta wins face-off versus David Legwand in Hurricanes zone.
1:55 of 2nd period - Slapshot by Mark Giordano.
1:55 of 2nd period - Shot Blocked by Zbynek Michalek.
2:07 of 2nd period - Mark Giordano is hit by Mike Fisher and loses puck.
2:26 of 2nd period - Christian Ehrhoff is hit by Mike Fisher.
2:57 of 2nd period - Slapshot by Dan Girardi.
2:57 of 2nd period - Deflect By Raphael Diaz.
2:57 of 2nd period - Stopped by Ryan Miller without a rebound.
2:58 of 2nd period - Mikhail Grabovski wins face-off versus Nate Thompson in Penguins zone.
5:32 of 2nd period - Snap shot by Elias Lindholm.
5:32 of 2nd period - Stopped by Brian Elliott without a rebound.
5:33 of 2nd period - Mike Fisher wins face-off versus Nate Thompson in Hurricanes zone.
6:00 of 2nd period - Slapshot by Marcus Foligno.
6:00 of 2nd period - Shot Misses the Net.
6:02 of 2nd period - Slapshot by Dan Hamhuis.
6:02 of 2nd period - Stopped by Brian Elliott without a rebound.
6:03 of 2nd period - Paul Gaustad wins face-off versus Mikhail Grabovski in Hurricanes zone.
6:06 of 2nd period - Snap shot by Nail Yakupov.
6:06 of 2nd period - Stopped by Brian Elliott with a rebound.
6:16 of 2nd period - Slapshot by Elias Lindholm.
6:16 of 2nd period - Stopped by Brian Elliott with a rebound.
6:18 of 2nd period - Slapshot by Mark Giordano.
6:18 of 2nd period - Deflect By Paul Gaustad.
6:18 of 2nd period - Shot Misses the Net.
6:18 of 2nd period - Puck is out of play.
6:19 of 2nd period - Paul Gaustad wins face-off versus Mikhail Grabovski in Hurricanes zone.
6:28 of 2nd period - Snap shot by Nail Yakupov.
6:28 of 2nd period - Shot Misses the Net.
6:30 of 2nd period - Slapshot by Christian Ehrhoff.
6:30 of 2nd period - Deflect By Elias Lindholm.
6:30 of 2nd period - Goal by Elias Lindholm - Penguins : 1 - Hurricanes : 1.
6:31 of 2nd period - Mikael Granlund wins face-off versus Mike Fisher in neutral zone.
7:01 of 2nd period - Minor Penalty to Francois Beauchemin for Hooking.
7:02 of 2nd period - Mikael Granlund wins face-off versus Mark Arcobello in Hurricanes zone.
8:40 of 2nd period - Icing by Raphael Diaz.
8:41 of 2nd period - Mark Arcobello wins face-off versus David Legwand in Penguins zone.
9:01 of 2nd period - Penalty to Francois Beauchemin is over, Francois Beauchemin is back on ice.
9:28 of 2nd period - Snap shot by Elias Lindholm.
9:28 of 2nd period - Shot Misses the Net.
9:30 of 2nd period - Snap shot by Paul Gaustad.
9:30 of 2nd period - Stopped by Brian Elliott with a rebound.
9:32 of 2nd period - Snap shot by Elias Lindholm.
9:32 of 2nd period - Stopped by Brian Elliott without a rebound.
9:33 of 2nd period - Paul Gaustad wins face-off versus Loui Eriksson in Hurricanes zone.
10:13 of 2nd period - Loui Eriksson is hit by Paul Gaustad and loses puck.
10:47 of 2nd period - Slapshot by Chris Kelly.
10:47 of 2nd period - Deflect By Marcus Foligno.
10:47 of 2nd period - Shot Blocked by Stephen Gionta.
10:47 of 2nd period - Puck is out of play.
10:48 of 2nd period - David Legwand wins face-off versus Stephen Gionta in Hurricanes zone.
11:16 of 2nd period - Minor Penalty to Mark Giordano for Hooking.
11:17 of 2nd period - Mikhail Grabovski wins face-off versus Paul Gaustad in Penguins zone.
11:26 of 2nd period - Snap shot by Jiri Hudler.
11:26 of 2nd period - Stopped by Ryan Miller without a rebound.
11:27 of 2nd period - Jiri Hudler wins face-off versus Paul Gaustad in Penguins zone.
13:09 of 2nd period - Dan Hamhuis is hit by Aaron Ness and loses puck.
13:16 of 2nd period - Penalty to Mark Giordano is over, Mark Giordano is back on ice.
13:19 of 2nd period - Minor Penalty to Mike Fisher for Cross-checking.
13:20 of 2nd period - Mikael Granlund wins face-off versus Stephen Gionta in Hurricanes zone.
14:21 of 2nd period - Snap shot by Nathan MacKinnon.
14:21 of 2nd period - Stopped by Brian Elliott without a rebound.
14:22 of 2nd period - Mark Arcobello wins face-off versus David Legwand in Hurricanes zone.
14:43 of 2nd period - Slapshot by Jarome Iginla.
14:43 of 2nd period - Shot Misses the Net.
14:45 of 2nd period - Slapshot by Dan Hamhuis.
14:45 of 2nd period - Shot Misses the Net.
14:47 of 2nd period - Slapshot by Raphael Diaz.
14:47 of 2nd period - Stopped by Brian Elliott with a rebound.
15:03 of 2nd period - Slapshot by Patrick Sharp.
15:03 of 2nd period - Shot Blocked by Zbynek Michalek.
15:11 of 2nd period - Backhand shot by Patrick Sharp.
15:11 of 2nd period - Shot Misses the Net.
15:19 of 2nd period - Penalty to Mike Fisher is over, Mike Fisher is back on ice.
16:20 of 2nd period - Slapshot by Mikhail Grabovski.
16:20 of 2nd period - Shot Misses the Net.
16:28 of 2nd period - Wrist shot by Jiri Hudler.
16:28 of 2nd period - Stopped by Ryan Miller without a rebound.
16:29 of 2nd period - Nate Thompson wins face-off versus Stephen Gionta in Penguins zone.
16:43 of 2nd period - Minor Penalty to Thomas Hickey for Boarding.
16:44 of 2nd period - Stephen Gionta wins face-off versus Mikael Granlund in Hurricanes zone.
16:44 of 2nd period - Stephen Gionta is hit by Mikael Granlund.
17:13 of 2nd period - Slapshot by Mikael Granlund.
17:13 of 2nd period - Stopped by Brian Elliott with a rebound.
17:15 of 2nd period - Slapshot by Mark Giordano.
17:15 of 2nd period - Shot Hit the Post.
17:17 of 2nd period - Snap shot by Patrick Sharp.
17:17 of 2nd period - Shot Misses the Net.
17:19 of 2nd period - Wrist shot by Vladimir Tarasenko.
17:19 of 2nd period - Shot Blocked by Stephen Gionta.
17:21 of 2nd period - Wrist shot by Dan Hamhuis.
17:21 of 2nd period - Stopped by Brian Elliott with a rebound.
17:31 of 2nd period - David Legwand is hit by Zbynek Michalek and loses puck.
18:22 of 2nd period - Slapshot by Mark Giordano.
18:22 of 2nd period - Stopped by Brian Elliott without a rebound.
18:23 of 2nd period - Mark Arcobello wins face-off versus Mikael Granlund in Hurricanes zone.
18:43 of 2nd period - Penalty to Thomas Hickey is over, Thomas Hickey is back on ice.
18:48 of 2nd period - Dan Girardi is hit by Mark Giordano and loses puck.
19:50 of 2nd period - Snap shot by Chris Kelly.
19:50 of 2nd period - Deflect By Nate Thompson.
19:50 of 2nd period - Stopped by Brian Elliott with a rebound.
Goals for this period are 1 for Penguins vs 0 for Hurricanes.
Shots for this period are 16 for Penguins vs 3 for Hurricanes.

3rd period


0:01 of 3rd period - Mark Arcobello wins face-off versus Mikael Granlund in neutral zone.
1:01 of 3rd period - Anton Volchenkov is hit by Marian Gaborik and loses puck.
1:08 of 3rd period - Snap shot by Marian Gaborik.
1:08 of 3rd period - Shot Misses the Net.
1:38 of 3rd period - Snap shot by Brian Flynn.
1:38 of 3rd period - Deflect By Viktor Stalberg.
1:38 of 3rd period - Shot Misses the Net.
1:38 of 3rd period - Puck is out of play.
1:39 of 3rd period - Paul Gaustad wins face-off versus Stephen Gionta in Penguins zone.
1:39 of 3rd period - Paul Gaustad is hit by Stephen Gionta.
1:51 of 3rd period - Snap shot by Viktor Stalberg.
1:51 of 3rd period - Stopped by Ryan Miller without a rebound.
1:52 of 3rd period - Mikhail Grabovski wins face-off versus Mikael Granlund in Penguins zone.
1:53 of 3rd period - Slapshot by Radim Vrbata.
1:53 of 3rd period - Stopped by Ryan Miller without a rebound.
1:54 of 3rd period - Mikael Granlund wins face-off versus Mikhail Grabovski in Penguins zone.
2:15 of 3rd period - Radim Vrbata is hit by Jarome Iginla and loses puck.
3:12 of 3rd period - Snap shot by Nathan MacKinnon.
3:12 of 3rd period - Stopped by Brian Elliott with a rebound.
3:23 of 3rd period - Off-side.
3:24 of 3rd period - Mike Fisher wins face-off versus Paul Gaustad in neutral zone.
4:29 of 3rd period - Brian Flynn is hit by Nate Thompson and loses puck.
6:08 of 3rd period - Snap shot by Vladimir Tarasenko.
6:08 of 3rd period - Stopped by Brian Elliott with a rebound.
6:20 of 3rd period - Dan Girardi is hit by Dan Hamhuis and loses puck.
6:35 of 3rd period - Snap shot by Aaron Ness.
6:35 of 3rd period - Stopped by Ryan Miller with a rebound.
6:37 of 3rd period - Slapshot by Zbynek Michalek.
6:37 of 3rd period - Stopped by Ryan Miller with a rebound.
6:39 of 3rd period - Slapshot by Zbynek Michalek.
6:39 of 3rd period - Shot Blocked by Anton Volchenkov.
6:41 of 3rd period - Slapshot by Nate Prosser.
6:41 of 3rd period - Stopped by Ryan Miller with a rebound.
6:43 of 3rd period - Slapshot by Zbynek Michalek.
6:43 of 3rd period - Shot Misses the Net.
6:45 of 3rd period - Slapshot by Zbynek Michalek.
6:45 of 3rd period - Shot Misses the Net.
6:55 of 3rd period - Anton Volchenkov is hit by Dainius Zubrus.
7:01 of 3rd period - Anton Volchenkov is hit by Dainius Zubrus and loses puck.
7:35 of 3rd period - Mark Giordano is hit by Dan Girardi and loses puck.
7:54 of 3rd period - Mark Giordano is hit by Brian Flynn and loses puck.
8:09 of 3rd period - Snap shot by Viktor Stalberg.
8:09 of 3rd period - Stopped by Ryan Miller without a rebound.
8:10 of 3rd period - Nate Thompson wins face-off versus Mikhail Grabovski in Penguins zone.
8:12 of 3rd period - Minor Penalty to Marcus Foligno for Hooking.
8:13 of 3rd period - Paul Gaustad wins face-off versus Mikhail Grabovski in Penguins zone.
9:22 of 3rd period - Wrist shot by Chris Kelly.
9:22 of 3rd period - Stopped by Brian Elliott with a rebound.
9:24 of 3rd period - Slapshot by Dan Hamhuis.
9:24 of 3rd period - Shot Blocked by Loui Eriksson.
10:00 of 3rd period - Slapshot by Mikhail Grabovski.
10:00 of 3rd period - Shot Blocked by Chris Butler.
10:10 of 3rd period - Dan Girardi is hit by Nate Thompson and loses puck.
10:12 of 3rd period - Penalty to Marcus Foligno is over, Marcus Foligno is back on ice.
10:45 of 3rd period - Snap shot by Dainius Zubrus.
10:45 of 3rd period - Shot Misses the Net.
10:55 of 3rd period - Zbynek Michalek is hit by Mikael Granlund and loses puck.
11:10 of 3rd period - Wrist shot by Elias Lindholm.
11:10 of 3rd period - Stopped by Brian Elliott with a rebound.
11:16 of 3rd period - Wrist shot by Nail Yakupov.
11:16 of 3rd period - Deflect By Paul Gaustad.
11:16 of 3rd period - Shot Misses the Net.
11:16 of 3rd period - Puck is out of play.
11:17 of 3rd period - Stephen Gionta wins face-off versus Paul Gaustad in Hurricanes zone.
12:06 of 3rd period - Wrist shot by Nathan MacKinnon.
12:06 of 3rd period - Deflect By David Legwand.
12:06 of 3rd period - Stopped by Brian Elliott without a rebound.
12:07 of 3rd period - Nate Thompson wins face-off versus Radim Vrbata in Hurricanes zone.
12:10 of 3rd period - Snap shot by Marcus Foligno.
12:10 of 3rd period - Deflect By Nate Thompson.
12:10 of 3rd period - Stopped by Brian Elliott with a rebound.
12:22 of 3rd period - Snap shot by Jiri Hudler.
12:22 of 3rd period - Shot Misses the Net.
12:24 of 3rd period - Backhand shot by Thomas Hickey.
12:24 of 3rd period - Stopped by Ryan Miller with a rebound.
12:26 of 3rd period - Slapshot by Francois Beauchemin.
12:26 of 3rd period - Shot Misses the Net.
12:28 of 3rd period - Wrist shot by Jiri Hudler.
12:28 of 3rd period - Shot Misses the Net.
12:30 of 3rd period - Slapshot by Francois Beauchemin.
12:30 of 3rd period - Shot Blocked by Chris Butler.
12:36 of 3rd period - Thomas Hickey is hit by Marcus Foligno.
13:23 of 3rd period - Chris Butler is hit by Mike Fisher.
14:19 of 3rd period - Francois Beauchemin is hit by Anton Volchenkov and loses puck.
14:34 of 3rd period - Snap shot by Jarome Iginla.
14:34 of 3rd period - Stopped by Brian Elliott with a rebound.
14:36 of 3rd period - Slapshot by Mark Giordano.
14:36 of 3rd period - Stopped by Brian Elliott with a rebound.
14:42 of 3rd period - Wrist shot by Jarome Iginla.
14:42 of 3rd period - Stopped by Brian Elliott without a rebound.
14:43 of 3rd period - Mikhail Grabovski wins face-off versus Nail Yakupov in Hurricanes zone.
14:45 of 3rd period - Minor Penalty to Dan Girardi for Elbowing.
14:46 of 3rd period - Mark Arcobello wins face-off versus Mikael Granlund in Hurricanes zone.
14:58 of 3rd period - Snap shot by Dainius Zubrus.
14:58 of 3rd period - Shot Misses the Net.
16:45 of 3rd period - Penalty to Dan Girardi is over, Dan Girardi is back on ice.
17:10 of 3rd period - Zbynek Michalek is hit by Elias Lindholm and loses puck.
17:22 of 3rd period - Minor Penalty to Elias Lindholm for Hooking.
17:23 of 3rd period - Paul Gaustad wins face-off versus Loui Eriksson in Penguins zone.
18:00 of 3rd period - Snap shot by Mike Fisher.
18:00 of 3rd period - Shot Blocked by Anton Volchenkov.
18:27 of 3rd period - Paul Gaustad is hit by Aaron Ness and loses puck.
18:42 of 3rd period - Dan Hamhuis is hit by Dan Girardi and loses puck.
19:22 of 3rd period - Penalty to Elias Lindholm is over, Elias Lindholm is back on ice.
19:59 of 3rd period - Zbynek Michalek is hit by Raphael Diaz and loses puck.
Goals for this period are 0 for Penguins vs 0 for Hurricanes.
Shots for this period are 9 for Penguins vs 7 for Hurricanes.

Overtime #1


0:01 of 1st overtime period - Mikael Granlund wins face-off versus Mike Fisher in neutral zone.
0:26 of 1st overtime period - Wrist shot by Patrick Sharp.
0:26 of 1st overtime period - Shot Misses the Net.
2:52 of 1st overtime period - Slapshot by Mark Giordano.
2:52 of 1st overtime period - Shot Misses the Net.
2:54 of 1st overtime period - Slapshot by Mark Giordano.
2:54 of 1st overtime period - Shot Blocked by Mikhail Grabovski.
2:56 of 1st overtime period - Snap shot by Mark Giordano.
2:56 of 1st overtime period - Stopped by Brian Elliott with a rebound.
3:47 of 1st overtime period - Francois Beauchemin is hit by Patrick Sharp.
4:46 of 1st overtime period - Snap shot by Jarome Iginla.
4:46 of 1st overtime period - Stopped by Brian Elliott with a rebound.
4:56 of 1st overtime period - Snap shot by Marian Gaborik.
4:56 of 1st overtime period - Stopped by Ryan Miller with a rebound.
4:58 of 1st overtime period - Slapshot by Dan Girardi.
4:58 of 1st overtime period - Shot Blocked by Anton Volchenkov.
Goals for this period are 0 for Penguins vs 0 for Hurricanes.
Shots for this period are 2 for Penguins vs 1 for Hurricanes.

ShootOut


5:00 of 1st overtime period - Penalty Shot by Patrick Sharp for Penguins.
5:00 of 1st overtime period - Backhand shot by Patrick Sharp.
5:00 of 1st overtime period - Stopped by Brian Elliott.
5:00 of 1st overtime period - Penalty Shot by Radim Vrbata for Hurricanes.
5:00 of 1st overtime period - Wrist shot by Radim Vrbata.
5:00 of 1st overtime period - Stopped by Ryan Miller.
5:00 of 1st overtime period - Penalty Shot by Jarome Iginla for Penguins.
5:00 of 1st overtime period - Backhand shot by Jarome Iginla.
5:00 of 1st overtime period - Stopped by Brian Elliott.
5:00 of 1st overtime period - Penalty Shot by Marian Gaborik for Hurricanes.
5:00 of 1st overtime period - Wrist shot by Marian Gaborik.
5:00 of 1st overtime period - Stopped by Ryan Miller.
5:00 of 1st overtime period - Penalty Shot by Nathan MacKinnon for Penguins.
5:00 of 1st overtime period - Deke by Nathan MacKinnon.
5:00 of 1st overtime period - Stopped by Brian Elliott.
5:00 of 1st overtime period - Penalty Shot by Jiri Hudler for Hurricanes.
5:00 of 1st overtime period - Wrist shot by Jiri Hudler.
5:00 of 1st overtime period - Stopped by Ryan Miller.
5:00 of 1st overtime period - Penalty Shot by Vladimir Tarasenko for Penguins.
5:00 of 1st overtime period - Snap shot by Vladimir Tarasenko.
5:00 of 1st overtime period - Shot Misses the Net.
5:00 of 1st overtime period - Penalty Shot by Mikhail Grabovski for Hurricanes.
5:00 of 1st overtime period - Snap shot by Mikhail Grabovski.
5:00 of 1st overtime period - Stopped by Ryan Miller.
5:00 of 1st overtime period - Penalty Shot by David Legwand for Penguins.
5:00 of 1st overtime period - Snap shot by David Legwand.
5:00 of 1st overtime period - Goal by David Legwand.
5:00 of 1st overtime period - Penalty Shot by Marty Havlat for Hurricanes.
5:00 of 1st overtime period - Snap shot by Marty Havlat.
5:00 of 1st overtime period - Stopped by Ryan Miller.


Output by the SimonT Hockey Simulator (STHS) for Eric Dolegowski -- Original Page W3C XHTML 1.0 Valid
Hockey Simulator - Hockey Simulation - Hockey Manager